Selects Australian Defense Battlegroup
Selects Australian Light Infantry Section
Australian Light Infantry Section
Australian Light Infantry Section
Construct Section Command Post
Selects Defensive Tactics
Construct Platoon Command Post
Selects Vehicle Over Repair
Construct Company Command Post
Selects CMP 15cwt Supply Run
Selects Reinforced Resource Caches
Selects Charged Creeping Barrage
Australian Light Infantry Section
Unlock M3 Grant Medium Tanks
Unlock Bishop Self-propelled Artillery
Bishop Self-propelled Artillery